 Dungeon Crawl Stone Soup version 0.28-a0-476-g0f06bd746f (webtiles) character file.

Game seed: 8947295666916224641

56 robertstho the Chopper (level 3, 0/24 HPs)
             Began as a Tengu Berserker on Sept 16, 2021.
             Was a Believer of Trog.
             Slain by a goblin (3 damage)
             ... led by Robin
             ... on level 2 of the Dungeon.
             The game lasted 00:01:20 (1104 turns).

robertstho the Chopper (Tengu Berserker)            Turns: 1104, Time: 00:01:20

Health: 0/24       AC:  2    Str: 18    XL:     3   Next: 95%
Magic:  4/4        EV: 12    Int:  7    God:    Trog [**....]
Gold:   104        SH:  0    Dex: 13    Spells: 2/2 levels left

rFire   . . .      SeeInvis .   a - +0 hand axe
rCold   . . .      Faith    .   (no shield)
rNeg    . . .      Spirit   .   b - +0 animal skin
rPois   .          Reflect  .   (helmet restricted)
rElec   .          Harm     .   (no cloak)
rCorr   .          Rampage  .   (no gloves)
Will    ++...                   (boots unavailable)
Stlth   +.........              (no amulet)
HPRegen 1.08/turn               (no ring)
MPRegen 0.09/turn               (no ring)

@: strong-willed, on berserk cooldown, regenerating, slowed, very slow
A: beak, talons 3
a: Renounce Religion, Berserk, Trog's Hand


You were on level 2 of the Dungeon.
You worshipped Trog.
Trog was pleased with you.
You visited 1 branch of the dungeon, and saw 2 of its levels.

You collected 104 gold pieces.

Inventory:

Hand Weapons
 a - a +0 hand axe (weapon)
Armour
 b - a +0 animal skin (worn)
Scrolls
 c - a scroll of teleportation {unknown}
 d - a scroll of identify {unknown}
 g - a scroll of enchant weapon {unknown}
Potions
 e - a potion of lignification {unknown}
 f - a potion of degeneration {unknown}
 h - 2 potions of might {unknown}


   Skills:
 * Level 3.8 Fighting
 + Level 4.0 Axes
 * Level 2.6 Armour
 + Level 2.4 Dodging
 + Level 0.1 Stealth


You had 2 spell levels left.
You didn't know any spells.
Your spell library was empty.

Dungeon Overview and Level Annotations

Branches:
Dungeon (2/15)

Altars:
Kikubaaqudgha


Innate Abilities, Weirdness & Mutations

You have a beak for a mouth.
You have claws for feet.


Message History

Robin hits you with a +0 falchion.
You slash Robin!
You kill Robin!
Trog accepts your kill.
Items here: ))))) [[ ††.
You feel a strong urge to attack something.
You are no longer berserk.
You are exhausted.
You feel yourself slow down.
A hobgoblin comes into view.
Things that are here:
a +0 club; a goblin corpse
Things that are here:
a +0 club; a goblin corpse You hit the hobgoblin.
Your kick misses the hobgoblin.
The hobgoblin is almost dead.
A goblin comes into view. It is wielding a +0 dagger.
The hobgoblin barely misses you.
You closely miss the hobgoblin.
The hobgoblin is almost dead.
The hobgoblin closely misses you. The hobgoblin hits you.
* * * LOW HITPOINT WARNING * * *
You hit the hobgoblin.
You kill the hobgoblin!
Trog accepts your kill.
A goblin comes into view. It is wielding a +0 dagger.
The goblin hits you with a +0 dagger.
* * * LOW HITPOINT WARNING * * *
You hit the goblin.
You kill the goblin!
Trog accepts your kill.
Your Axes skill increases to level 4!
Your skin crawls.
You feel strong-willed.
The goblin no longer looks unusually strong.
The goblin closely misses you.
You barely miss the goblin. The goblin hits you with a +0 dagger.
* * * LOW HITPOINT WARNING * * *
The goblin hits you with a +0 dagger.
You die...

#.# # #.# # #
#.#.# # ##.#. #
... #.# #########
#)# #....)..# #g#
#.#####.#
#@####.#####.#####
#.........##.##...
######.##.......##
#.#####.####
#.......#
#########


You could see a goblin.

Vanquished Creatures
  Robin (D:2)
  2 worms (D:2)
  A dart slug (D:2)
  2 bats (D:1)
  5 endoplasms
  A giant cockroach (D:1)
  8 goblins
  4 hobgoblins
  2 kobolds
  3 quokkas
  2 ball pythons (D:1)
  A frilled lizard (D:1)
32 creatures vanquished.

Notes
Turn   | Place    | Note
-------+----------+-------------------------------------------
     0 | D:1      | robertstho the Tengu Berserker began the quest for the Orb.
     0 | D:1      | Reached XP level 1. HP: 14/14 MP: 2/2
    43 | D:1      | Reached XP level 2. HP: 12/19 MP: 3/3
   448 | D:1      | Found a faded altar of an unknown god.
   569 | D:2      | Reached XP level 3. HP: 12/23 MP: 4/4
   798 | D:2      | Found an ancient bone altar of Kikubaaqudgha.
  1088 | D:2      | Reached ** piety under Trog
  1088 | D:2      | Noticed Robin
  1093 | D:2      | Killed Robin
  1103 | D:2      | Reached skill level 4 in Axes
  1104 | D:2      | Slain by a goblin

Illustrated notes

Levels and vault maps discovered:
D:1:      lemuel_arrival_hallway, layout_rooms,
          dreamdust_ecumenical_altar_statues
D:2:      layout_loops_cross, basic_altar, minmay_misc_feat_cross, uniq_robin

Skill      XL: |  1  2  3 |
---------------+----------+-----
Axes           | 4 |  4.0
Fighting       | |  3.8
Armour         | |  2.6
Dodging        | |  2.4
Stealth        | |  0.1

Action                   || total
-------------------------++-------
Melee: Hand axe          ||    54
       Kick              ||     8
       Peck              ||     7
Invok: Berserk           ||     3
       Trog's Hand       ||     1
 Stab: Sleeping          ||     2
Armor: Animal skin       ||     3
Dodge: Dodged            ||    24

Table legend: (Time is in decaauts)
 A = Elapsed time spent in this place.
 B = Non-inter-level travel time spent in this place.
 C = Inter-level travel time spent in this place.
 D = Time resting spent in this place.
 E = Time spent auto-exploring this place.
 F = Levels seen in this place.
 G = Mean time per level.
                   A        B        C        D        E       F      G
               +--------+--------+--------+--------+--------+-----+--------+
         Total |   1130 |   1123 |      7 |    205 |    753 |   2 |  565.0 |
       Dungeon |   1130 |   1123 |      7 |    205 |    753 |   2 |  565.0 |
               +--------+--------+--------+--------+--------+-----+--------+

Top non-repeatable levels by time:
     D:1: 776 daAuts
     D:2: 353 daAuts
